 Dungeon Crawl Stone Soup version 0.28.0-53-g5a82cb258f (webtiles) character file.

Game seed: 5423972372752662598

710 DocClef the Chiller (level 7, -1/51 HPs)
             Began as a Gnoll Ice Elementalist on July 11, 2022.
             Was a Follower of Yredelemnul.
             Killed by nerve-wracking pain
             ... invoked by Grinder
              (9 damage)
             ... on level 5 of the Dungeon.
             The game lasted 00:06:27 (6378 turns).

DocClef the Chiller (Gnoll Ice Elementalist)        Turns: 6378, Time: 00:06:28

Health: -1/51      AC: 11    Str:  7    XL:     7   Next: 68%
Magic:  2/15       EV: 13    Int: 17    God:    Yredelemnul [*.....]
Gold:   245        SH:  0    Dex: 12    Spells: 10/17 levels left

rFire   . . .      SeeInvis .   m - +0 spear
rCold   . . .      Faith    .   (no shield)
rNeg    . . .      Spirit   .   a - +0 robe
rPois   .          Reflect  .   (no helmet)
rElec   .          Harm     .   n - +0 cloak
rCorr   .          Rampage  .   q - +0 pair of gloves
Will    .....                   (no boots)
Stlth   +++.......              (no amulet)
HPRegen 0.17/turn               e - ring of wizardry
MPRegen 0.14/turn               (no ring)

@: ice-armoured, freezing walls
A: fangs 1, strong nose, distributed training
a: Renounce Religion, Recall Undead Harvest


You were on level 5 of the Dungeon.
You worshipped Yredelemnul.
Yredelemnul was noncommittal.
You visited 2 branches of the dungeon, and saw 6 of its levels.

You collected 245 gold pieces.

Inventory:

Hand Weapons
 m - a +0 spear (weapon)
Armour
 a - a +0 robe (worn)
 n - a +0 cloak (worn)
 q - a +0 pair of gloves (worn)
Jewellery
 e - a ring of wizardry (left hand)
 l - a ring of willpower
 t - the ring "Torgho Riow" {Fly rCorr Dex+4}
   (You found it on level 5 of the Dungeon)

   [ring of flight]

   Dex:       It affects your dexterity (+4).
   Fly:       It grants you flight.
   rCorr:     It protects you from acid and corrosion.
Wands
 r - a wand of paralysis (11)
Scrolls
 b - 6 scrolls of identify {unknown}
 c - a scroll of immolation {unknown}
 f - 4 scrolls of teleportation {unknown}
 h - a scroll of silence {unknown}
 k - a scroll of magic mapping {unknown}
 o - 2 scrolls of enchant weapon {unknown}
 p - a scroll of brand weapon {unknown}
 s - a scroll of summoning {unknown}
Potions
 d - a potion of lignification {unknown}
 g - 3 potions of resistance {unknown}
 i - 3 potions of heal wounds {unknown}
 j - 2 potions of curing {unknown}


   Skills:
 + Level 2.6 Fighting
 + Level 2.6 Short Blades
 + Level 2.6 Long Blades
 + Level 2.6 Axes
 + Level 2.6 Maces & Flails
 + Level 2.6 Polearms
 + Level 2.6 Staves
 + Level 2.6 Slings
 + Level 2.6 Bows
 + Level 2.6 Crossbows
 + Level 2.6 Throwing
 + Level 2.6 Armour
 + Level 5.3 Dodging
 + Level 5.0 Stealth
 + Level 2.6 Shields
 + Level 2.6 Unarmed Combat
 + Level 5.7 Spellcasting
 + Level 2.1 Conjurations
 + Level 2.1 Hexes
 + Level 2.1 Summonings
 + Level 2.1 Necromancy
 + Level 2.1 Translocations
 + Level 2.1 Transmutations
 + Level 2.1 Fire Magic
 + Level 7.4 Ice Magic
 + Level 2.1 Air Magic
 + Level 2.1 Earth Magic
 + Level 2.1 Poison Magic
 + Level 2.9 Invocations
 + Level 2.6 Evocations


You had 10 spell levels left.
You knew the following spells:

 Your Spells              Type           Power      Damage    Failure   Level
a - Freeze                Ice            100%       1d11      1%          1
b - Frozen Ramparts       Ice            60%        1d8       1%          3
c - Ozocubu's Armour      Ice            30%        N/A       1%          3

Your spell library contained the following spells:

 Spells                   Type           Power      Damage    Failure   Level
 Summon Small Mammal      Summ           48%        N/A       2%          1
 Call Canine Familiar     Summ           12%        N/A       6%          3
 Summon Guardian Golem    Hex/Summ       12%        N/A       6%          3
 Hailstorm                Conj/Ice       21%        3d6       8%          4
 Passage of Golubria      Tloc           12%        N/A       21%         4
 Silence                  Hex/Air        6%         N/A       50%         5
 Lehudib's Crystal Spear  Conj/Erth      6%         10d3      100%        8


Dungeon Overview and Level Annotations

Branches:
Dungeon (5/15)             Temple (1/1) D:4

Altars:
Ashenzari
Cheibriados
Fedhas
Gozag
Nemelex Xobeh
Qazlal
Ru
Trog
Uskayaw
Vehumet
Xom
Yredelemnul
Zin
The Shining One

Shops:
D:4 (

Annotations:
D:5 Grinder


Innate Abilities, Weirdness & Mutations

You have very sharp teeth.
Your uncanny sense of smell can sniff out nearby items.
Your experience applies equally to all skills.


Message History

The wall freezes the water moccasin skeleton but does no damage.
Grinder completely resists.
The wall freezes Grinder but does no damage.
Your flying skull hits the water moccasin skeleton.
You barely miss Grinder.
Grinder is moderately wounded.
The water moccasin skeleton completely resists.
The wall freezes the water moccasin skeleton but does no damage.
The water moccasin skeleton bites you.
* * * LOW HITPOINT WARNING * * *
Your gnoll zombie hits the water moccasin skeleton.
Your flying skull hits the water moccasin skeleton!
Grinder completely resists.
The wall freezes Grinder but does no damage.
Grinder says, "Make like a tree!"
Grinder gestures at you.
You struggle to resist.
You closely miss Grinder.
Grinder is moderately wounded.
The water moccasin skeleton resists.
The wall freezes the water moccasin skeleton.
The water moccasin skeleton bites you but does no damage.
Your flying skull hits the water moccasin skeleton.
Grinder resists.
The wall freezes Grinder.
Grinder hits you but does no damage.
Your gnoll zombie barely misses the water moccasin skeleton.
The water moccasin skeleton completely resists.
The wall freezes the water moccasin skeleton but does no damage.
The water moccasin skeleton bites you but does no damage.
Your flying skull hits the water moccasin skeleton!
The water moccasin skeleton is destroyed!
Your Stealth skill increases to level 5!
You hit Grinder.
Grinder is heavily wounded.
Your flying skull barely misses Grinder.
Grinder completely resists.
The wall freezes Grinder but does no damage.
Grinder gestures at you. Pain shoots through your body!
You die...
Your body rises from the dead as a mindless zombie.

######.#.#.#.#########...##...#
# #.#.#.#.......#..Z..##.####
######.#.###.#.###.#.#...#.....#
.......####..#..# #.#...'.....#
.###....##.#.#.#.# #.#.).#.....#
.# #.#####.#.#.#.###.#..)#.....#
.# #.# #.##.#.##.##.#)).#.....#
.# #.####.##.#.##5##.#...#.....#
.# #.#.....+.+.+@zZZZ#...#.....#
<# #...##.##.# ##.###.........##
.# ######.# .# #.#...>.......#
<# ##. .##Z#.........# .# .# #.
#Z#.........# .# #. .#
#.#.........+ ## #. .#
#.#.........# . . #.#..........
#.#.........#


You could see Grinder (ally target), a friendly flying skull (summoned), a
friendly scorpion zombie and 2 friendly gnoll zombies.

Vanquished Creatures
  A water moccasin (D:5)
  A black bear (D:4)
  An ogre (D:3)
  The ghost of BiteMe the Stinger, an amateur DsVM (D:3)
  A scorpion (D:5)
  Crazy Yiuf (D:2)
  An iguana (D:4)
  4 gnolls (D:4)
  4 adders
  A howler monkey skeleton (D:5)
  An ufetubus (D:4)
  An adder skeleton (D:4)
  A worm (D:3)
  4 dart slugs
  2 orcs
  4 endoplasms
  5 goblins
  A hobgoblin (D:4)
  2 jackals (D:3)
  3 quokkas
  7 ball pythons
  4 bats
  7 kobolds
  5 rats
63 creatures vanquished.

Vanquished Creatures (collateral kills)
  A water moccasin skeleton (D:5)
  4 gnolls (D:5)
  An adder (D:5)
6 creatures vanquished.

Grand Total: 69 creatures vanquished

Notes
Turn   | Place    | Note
-------+----------+-------------------------------------------
     0 | D:1      | DocClef the Gnoll Ice Elementalist began the quest for the
                  | Orb.
     0 | D:1      | Reached XP level 1. HP: 13/13 MP: 6/6
   351 | D:1      | Found a faded altar of an unknown god.
   399 | D:1      | Reached XP level 2. HP: 19/19 MP: 5/7
  1207 | D:2      | Found a runed translucent door.
  1208 | D:2      | Noticed Crazy Yiuf
  1457 | D:2      | Reached skill level 5 in Spellcasting
  1457 | D:2      | Reached XP level 3. HP: 12/25 MP: 6/9
  1720 | D:2      | Learned a level 3 spell: Frozen Ramparts
  1724 | D:2      | Learned a level 3 spell: Ozocubu's Armour
  2400 | D:2      | Killed Crazy Yiuf
  2401 | D:2      | Reached skill level 1 in Fighting
  2401 | D:2      | Reached skill level 1 in Short Blades
  2401 | D:2      | Reached skill level 1 in Long Blades
  2401 | D:2      | Reached skill level 1 in Axes
  2401 | D:2      | Reached skill level 1 in Maces & Flails
  2401 | D:2      | Reached skill level 1 in Polearms
  2401 | D:2      | Reached skill level 1 in Staves
  2401 | D:2      | Reached skill level 1 in Slings
  2401 | D:2      | Reached skill level 1 in Bows
  2401 | D:2      | Reached skill level 1 in Crossbows
  2401 | D:2      | Reached skill level 1 in Throwing
  2401 | D:2      | Reached skill level 1 in Armour
  2401 | D:2      | Reached skill level 1 in Shields
  2401 | D:2      | Reached skill level 1 in Unarmed Combat
  2401 | D:2      | Reached skill level 1 in Invocations
  2401 | D:2      | Reached skill level 1 in Evocations
  2401 | D:2      | Reached XP level 4. HP: 17/32 MP: 3/11
  2748 | D:3      | Found a sparkling altar of Nemelex Xobeh.
  2837 | D:3      | Noticed an ogre
  2851 | D:3      | Killed an ogre
  2852 | D:3      | Reached skill level 1 in Conjurations
  2852 | D:3      | Reached skill level 1 in Hexes
  2852 | D:3      | Reached skill level 1 in Summonings
  2852 | D:3      | Reached skill level 1 in Necromancy
  2852 | D:3      | Reached skill level 1 in Translocations
  2852 | D:3      | Reached skill level 1 in Transmutations
  2852 | D:3      | Reached skill level 1 in Fire Magic
  2852 | D:3      | Reached skill level 1 in Air Magic
  2852 | D:3      | Reached skill level 1 in Earth Magic
  2852 | D:3      | Reached skill level 1 in Poison Magic
  2852 | D:3      | Reached XP level 5. HP: 37/37 MP: 1/12
  3190 | D:3      | Found a runed translucent door.
  3190 | D:3      | Noticed BiteMe's ghost (amateur DsVM)
  3484 | D:3      | Killed BiteMe's ghost
  3485 | D:3      | Reached XP level 6. HP: 32/44 MP: 7/13
  4054 | D:4      | Reached skill level 5 in Dodging
  4399 | D:4      | Found Copomiun's Firing Range.
  4656 | D:4      | Noticed a black bear
  4666 | D:4      | Killed a black bear
  5062 | D:4      | Reached XP level 7. HP: 36/50 MP: 11/15
  5178 | D:4      | Found a staircase to the Ecumenical Temple.
  5463 | Temple   | Entered the Ecumenical Temple
  5539 | Temple   | Became a worshipper of Yredelemnul the Dark
  5573 | D:5      | Entered Level 5 of the Dungeon
  5998 | D:5      | Reached * piety under Yredelemnul
  6034 | D:5      | Identified the ring "Torgho Riow" {Fly rCorr Dex+4}
  6079 | D:5      | Reached ** piety under Yredelemnul
  6353 | D:5      | Noticed Grinder
  6378 | D:5      | Reached skill level 5 in Stealth
  6378 | D:5      | Killed from afar by Grinder

Illustrated notes

Levels and vault maps discovered:
D:1:      dpeg_arrival_leaves_temple_mockup, layout_basic,
          ebering_ecumenical_altar_petrified
D:2:      layout_basic, minmay_misc_feat_hallway, uniq_crazy_yiuf_cottage
D:3:      layout_basic, general_overflow_altar, hellmonk_ghost_happy_afterlife,
          minmay_between
D:4:      layout_layer_cave, minmay_temple_entry_drinking_statues,
          hangedman_decor_growths, nicolae_shop_firing_range
D:5:      layout_basic, gammafunk_temple_overflow_elements, corner_web_ring,
          minmay_misc_feat_pillars, interstate_on_off, uniq_ijyb, uniq_menkaure,
          uniq_grinder
Temple:   cyrus_circular_temple

Skill      XL: |  1  2  3  4  5  6  7 |
---------------+----------------------+-----
Spellcasting   | 5 |  5.7
Fighting       | 1 2 |  2.6
Short Blades   | 1 2 |  2.6
Long Blades    | 1 2 |  2.6
Axes           | 1 2 |  2.6
Maces & Flails | 1 2 |  2.6
Polearms       | 1 2 |  2.6
Staves         | 1 2 |  2.6
Slings         | 1 2 |  2.6
Bows           | 1 2 |  2.6
Crossbows      | 1 2 |  2.6
Throwing       | 1 2 |  2.6
Armour         | 1 2 |  2.6
Shields        | 1 2 |  2.6
Unarmed Combat | 1 2 |  2.6
Invocations    | 1 2 |  2.9
Evocations     | 1 2 |  2.6
Conjurations   | 1 2 |  2.1
Hexes          | 1 2 |  2.1
Summonings     | 1 2 |  2.1
Necromancy     | 1 2 |  2.1
Translocations | 1 2 |  2.1
Transmutations | 1 2 |  2.1
Fire Magic     | 1 2 |  2.1
Air Magic      | 1 2 |  2.1
Earth Magic    | 1 2 |  2.1
Poison Magic   | 1 2 |  2.1
Dodging        | 5 |  5.3
Stealth        | 5 |  5.0
Ice Magic      | |  7.4

Action                   |  1- 3 |  4- 6 |  7- 9 || total
-------------------------+-------+-------+-------++-------
Melee: Unarmed           |    10 |       |       ||    10
       Dagger            |    12 |       |       ||    12
       Spear             |    16 |   145 |    49 ||   210
       Bite              |     3 |    17 |     5 ||    25
       Punch             |       |     2 |     1 ||     3
 Cast: Freeze            |    26 |     3 |       ||    29
       Frozen Ramparts   |     1 |    10 |     6 ||    17
       Ozocubu's Armour  |     1 |     7 |     4 ||    12
Invok: Dark Bargain      |       |       |     1 ||     1
 Stab: Sleeping          |     3 |     8 |     3 ||    14
Armor: Robe              |     8 |    32 |    21 ||    61
Dodge: Dodged            |    33 |    73 |    37 ||   143
